 Dungeon Crawl Stone Soup version 0.21.0-3-g78d12a8bdd (webtiles) character file.

94752 Loriander the Severer (level 15, -4/147 HPs)
             Began as a Minotaur Berserker on Jan 16, 2018.
             Was a High Priest of Trog.
             Slain by an orc warrior
             ... wielding a +1 battleaxe of chopping
              (9 damage)
             ... on level 1 of the Orcish Mines.
             The game lasted 04:42:43 (25313 turns).

Loriander the Severer (Minotaur Berserker)         Turns: 25313, Time: 04:42:43

Health: -4/147     AC: 29    Str: 22      XL:     15   Next: 64%
Magic:  4/4        EV: 13    Int:  3 (4)  God:    Trog [*****.]
Gold:   1906       SH:  3    Dex: 17      Spells: 14/14 levels left

rFire    . . .     SeeInvis .   a - +4 battleaxe (antimagic)
rCold    . . .     Gourm    .   (shield currently unavailable)
rNeg     . . .     Faith    .   F - +7 chain mail of Vah Gini {Regen+ rCorr Str-5 Dex+6}
rPois    .         Spirit   .   q - +1 hat
rElec    .         Reflect  +   O - +2 cloak
rCorr    +         Harm     .   w - +0 pair of gloves
MR       ++++.                  y - +0 pair of boots
Stlth    ..........             o - +3 amulet of reflection
HPRegen  1.74/turn              e - +4 ring of protection
MPRegen  0.09/turn              S - ring of protection from magic

@: berserk cooldown, regenerating, slowed, very heavily drained, very slow
A: retaliatory headbutt, horns 2
a: Berserk, Trog's Hand, Brothers in Arms, Burn Spellbooks, Renounce Religion


You were on level 1 of the Orcish Mines.
You worshipped Trog.
Trog was extremely pleased with you.
You were not hungry.

You visited 3 branches of the dungeon, and saw 23 of its levels.

You collected 2599 gold pieces.
You spent 693 gold pieces at shops.

Inventory:

Hand Weapons
 a - a +4 antimagic battleaxe (weapon)
 b - a +2 war axe of flaming
Missiles
 g - 742 stones (quivered)
 I - 2 throwing nets
Armour
 q - a +1 hat (worn)
 w - a +0 pair of gloves (worn)
 y - a +0 pair of boots (worn)
 F - the +7 chain mail of Vah Gini (worn) {Regen+ rCorr Str-5 Dex+6}
   (You found it on level 4 of the Lair of Beasts)

   It affects your strength (-5).
   It affects your dexterity (+6).
   It increases your rate of regeneration.
   It protects you from acid and corrosion.
 O - a +2 cloak (worn)
Jewellery
 e - a +4 ring of protection (left hand)
 i - an uncursed ring of resist corrosion
 o - a +3 amulet of reflection (around neck)
 s - an uncursed ring of fire
 S - a ring of protection from magic (right hand)
Wands
 d - a wand of iceblast (16)
 f - a wand of polymorph (49)
 m - a wand of enslavement (35)
 z - a wand of acid (13)
 B - a wand of random effects (23)
 C - a wand of flame (29)
 E - a wand of disintegration (21)
 H - a wand of clouds (6)
Scrolls
 j - 3 scrolls of teleportation
 l - a scroll of enchant weapon
 t - 5 scrolls of remove curse
 G - 2 scrolls of identify
 N - a scroll of magic mapping
 P - 3 scrolls of fog
 Q - 4 scrolls of enchant armour
 U - a scroll of immolation
Potions
 h - 6 potions of mutation
 k - 5 potions of resistance
 p - 2 potions of heal wounds
 u - 7 potions of might
 v - 14 potions of curing
 x - 4 potions of flight
 A - a potion of agility
 J - 2 potions of invisibility
 K - 3 potions of brilliance
 L - 3 potions of haste
 T - a potion of lignification
 V - 3 potions of ambrosia
 W - a potion of berserk rage
 Z - a potion of experience {unknown}
Comestibles
 c - 23 rations


   Skills:
 + Level 17.3(13.2) Fighting
 - Level 20.0(15.6) Axes
 + Level 13.2(9.4) Armour
 + Level 12.2(8.5) Dodging
   Level 4.0(1.0) Shields


You had 14 spell levels left.
You didn't know any spells.

Dungeon Overview and Level Annotations

Branches:
Dungeon (15/15)            Temple (0/1) D:4            Lair (6/6) D:8
 Shoals (0/4) Lair:4        Snake (0/4) Lair:2        Slime (0/5) Lair:6
    Orc (2/2) D:11         Vaults (0/5) D:14         Depths (0/5) D:15
    Elf: Orc:2

Altars:
Cheibriados
Elyvilon
Hepliaklqana
Kikubaaqudgha
Nemelex Xobeh
Okawaru
Ru
Sif Muna
Wu Jian
Xom
Zin
The Shining One
Jiyva

Shops:
D:6 }   D:13 *   D:14 *   D:15 !   Orc:1 %   Orc:2 [(:*

Annotations:
D:6 2 transporters
Lair:3 exclusion: ice statue
Orc:2 Donald


Innate Abilities, Weirdness & Mutations

You reflexively headbutt those who attack you in melee.
You have a pair of horns on your head.


Message History

The orc high priest says, "All sinners must die."
Donald hits you from afar with a demon trident of draining!
* * * LOW HITPOINT WARNING * * *
You feel drained. The orc warrior closely misses you. You furiously retaliate!
You headbutt the orc warrior.
You climb upwards.
There is a stone staircase leading down, spattered with blood here.
You closely miss the orc warrior.
The orc warrior is lightly wounded.
The orc warrior closely misses you.
Your chain mail of Vah Gini prevents you from hitting the orc warrior.
The orc warrior is lightly wounded.
You feel the effects of Trog's Hand fading.
The orc warrior hits you with a battleaxe of chopping!
* * * LOW HITPOINT WARNING * * *
x2 You closely miss the orc warrior.
You headbutt the orc warrior!
The orc warrior is heavily wounded.
The orc warrior hits you with a battleaxe of chopping!!
* * * LOW HITPOINT WARNING * * *
You die...

#.......#.## ##...##
##......#.# ##.....##
.......#### ###.......##
###....# ###..........#
#...## ##............##
#..## #..............###
#### ##................##
##.....o†[##........##
###......[@###.........##
#.......#######.......#.#
###......####...^....####
#.......#...........#
##................###
##.#............##
###.........##.#
##........#### ##.......#


You could see an orc warrior.

Vanquished Creatures
  Kirke (D:12)
  An orc warlord (Orc:2)
  A dire elephant (D:15)
  2 fire dragons (Lair:6)
  Josephine (D:13)
  Erolcha (D:10)
  4 vault guards (D:14)
  An ice dragon (Lair:3)
  3 centaur warriors (D:14)
  A death knight (D:12)
  6 two-headed ogres
  2 hydras
  4 death yaks (Lair:3)
  The ghost of Esekla the Slicer, a journeyman VSVM of Vehumet (D:12)
  A tengu warrior (D:13)
  An orc high priest (Orc:2)
  4 skeletal warriors (D:15)
  8 slime creatures
  4 unseen horrors
  A swamp dragon (Lair:6)
  A lindwurm (Lair:6)
  A wizard (D:14)
  A wolf spider zombie (D:14)
  3 orc knights
  7 ugly things
  5 orc sorcerers
  A salamander (D:15)
  3 cyclopes
  3 manticores
  Joseph (D:7)
  5 torpor snails
  16 elephants
  2 black mambas
  4 gargoyles
  12 spiny frogs
  5 centaur skeletons
  2 freezing wraiths (D:12)
  4 rime drakes
  2 yaktaurs (D:14)
  5 komodo dragons
  A tengu conjurer (D:14)
  3 meliai (D:15)
  6 trolls
  4 polar bears
  4 hornets (Lair:6)
  The ghost of GuyWithAPlan the Slasher, an amateur BaSk (D:4)
  A harpy skeleton (D:15)
  2 tyrant leeches (Lair:6)
  12 blink frogs
  8 hippogriffs
  A spriggan (D:7)
  4 shadows
  A vampire (D:10)
  7 wyverns
  4 basilisks
  6 water elementals (D:15)
  A steam dragon (Lair:6)
  6 wraiths
  A hog (D:12)
  29 yaks
  A golden eye (shapeshifter) (D:14)
  Grum (D:9)
  9 vampire mosquitoes
  5 wargs
  2 nagas (Lair:2)
  10 water moccasins
  5 porcupines
  A hornet zombie (D:6)
  3 black bears
  5 swamp drakes
  34 orc warriors
  2 phantoms (D:5)
  8 ice beasts
  2 sky beasts
  23 wolves
  A necrophage (D:10)
  6 ogres
  14 centaurs
  11 crocodiles
  4 big kobolds
  14 bullfrogs
  A wyvern zombie (D:10)
  11 killer bees
  4 wights (D:12)
  2 howler monkeys
  9 electric eels
  9 crimson imps
  5 centaur zombies
  5 hounds
  2 quasits
  3 bullfrog zombies
  6 jellies
  18 orc priests
  21 orc wizards
  A bullfrog skeleton (D:10)
  A gnoll shaman (D:7)
  Jessica (D:2)
  7 iguanas
  9 worker ants
  A bullfrog simulacrum (D:8)
  A hound zombie (D:8)
  A hound skeleton (D:9)
  A worker ant zombie (D:11)
  10 gnolls
  2 howler monkey skeletons
  10 adders
  4 shadow imps
  5 white imps
  2 ufetubi (D:8)
  2 worms (D:3)
  5 leopard geckos
  76 orcs
  11 bats
  A giant cockroach (D:2)
  34 goblins
  34 hobgoblins
  10 jackals
  4 quokkas
  7 frilled lizards
  16 kobolds
  A leopard gecko skeleton (D:4)
  7 rats
  6 fungi
  6 plants
766 creatures vanquished.

Vanquished Creatures (collateral kills)
  Gastronok (Lair:2)
  2 hydras
  A lindwurm (Lair:6)
  A torpor snail (Lair:6)
  4 hornets (Lair:6)
  A tyrant leech (Lair:6)
  A hog (D:12)
  A warg (Orc:2)
  An ice beast (Lair:3)
  A wolf (Lair:2)
  An ogre (Orc:2)
15 creatures vanquished.

Vanquished Creatures (others)
  A shadow (D:14)
  13 fungi
  45 plants
59 creatures vanquished.

Grand Total: 840 creatures vanquished

Notes
Turn   | Place    | Note
-------+----------+-------------------------------------------
     0 | D:1      | Loriander the Minotaur Berserker began the quest for the Orb.
     0 | D:1      | Reached XP level 1. HP: 19/19 MP: 0/0
   208 | D:1      | Reached skill level 4 in Axes
   208 | D:1      | Reached XP level 2. HP: 15/27 MP: 1/1
   945 | D:1      | Reached XP level 3. HP: 33/33 MP: 2/2
  1517 | D:2      | Reached ** piety under Trog
  1586 | D:2      | Found an ancient bone altar of Kikubaaqudgha.
  1595 | D:2      | Found a sparkling altar of Nemelex Xobeh.
  1604 | D:2      | Found an iron altar of Okawaru.
  1676 | D:2      | Noticed Jessica
  1687 | D:2      | Killed Jessica
  1687 | D:2      | Reached skill level 5 in Axes
  1687 | D:2      | Reached XP level 4. HP: 39/41 MP: 3/3
  2411 | D:3      | Reached skill level 5 in Fighting
  2411 | D:3      | Reached XP level 5. HP: 41/48 MP: 4/4
  2541 | D:3      | Reached skill level 6 in Axes
  3333 | D:4      | Noticed GuyWithAPlan's ghost (amateur BaSk)
  3349 | D:4      | Killed GuyWithAPlan's ghost
  3349 | D:4      | Reached skill level 7 in Axes
  3349 | D:4      | Reached XP level 6. HP: 57/57 MP: 5/5
  3364 | D:4      | Reached *** piety under Trog
  3399 | D:4      | Found a staircase to the Ecumenical Temple.
  3507 | D:4      | Found a sacrificial altar of Ru.
  3663 | D:4      | Reached skill level 8 in Axes
  3663 | D:4      | Reached XP level 7. HP: 64/64 MP: 6/6
  3999 | D:5      | Entered Level 5 of the Dungeon
  4115 | D:5      | Reached skill level 9 in Axes
  4288 | D:5      | Found an ancient bone altar of Kikubaaqudgha.
  4513 | D:5      | Reached XP level 8. HP: 71/73 MP: 7/7
  4702 | D:6      | Reached skill level 10 in Axes
  4960 | D:6      | Found a white marble altar of Elyvilon.
  5001 | D:6      | Noticed a gargoyle
  5003 | D:6      | Found a transporter.
  5049 | D:6      | Found a transporter.
  5057 | D:6      | Noticed a wizard
  5067 | D:6      | Found an ornate altar of the Wu Jian Council.
  5583 | D:6      | Reached **** piety under Trog
  5924 | D:6      | Reached skill level 11 in Axes
  6076 | D:6      | Reached ***** piety under Trog
  6350 | D:6      | Found a glowing golden altar of the Shining One.
  6600 | D:6      | Found Wumpux's Gadget Boutique.
  6605 | D:6      | Bought a wand of acid (10) for 392 gold pieces
  6628 | D:6      | Reached XP level 9. HP: 81/82 MP: 8/8
  7076 | D:7      | Found a sparkling altar of Nemelex Xobeh.
  7165 | D:7      | Reached skill level 12 in Axes
  7485 | D:7      | Noticed Joseph
  7503 | D:7      | Killed Joseph
  7569 | D:7      | Reached skill level 13 in Axes
  7574 | D:7      | Received a gift from Trog
  7574 | D:7      | Reached skill level 10 in Fighting
  7807 | D:7      | Got a steaming buckler
  7931 | D:7      | Identified the +2 buckler "Hyibbilic" {Str+2 Dex+4 Slay+2} (You found it on level 7 of the Dungeon)
  8143 | D:7      | Found a snail-covered altar of Cheibriados.
  8348 | D:8      | Found a glowing silver altar of Zin.
  8460 | D:8      | Noticed a two-headed ogre
  8464 | D:8      | Killed a two-headed ogre
  8464 | D:8      | Reached skill level 14 in Axes
  8464 | D:8      | Reached XP level 10. HP: 94/94 MP: 9/9
  8501 | D:8      | Noticed a two-headed ogre
  8519 | D:8      | Killed a two-headed ogre
  8615 | D:8      | Reached skill level 15 in Axes
  8783 | D:8      | Found a staircase to the Lair.
  8904 | D:8      | Found a shimmering altar of Xom.
  9300 | D:9      | Noticed Grum
  9314 | D:9      | Killed Grum
  9594 | D:9      | Found a sacrificial altar of Ru.
  9669 | D:9      | Reached XP level 11. HP: 101/104 MP: 10/10
 10047 | D:9      | Found a deep blue altar of Sif Muna.
 10108 | D:9      | Found a hazy altar of Hepliaklqana.
 10358 | D:10     | Entered Level 10 of the Dungeon
 10362 | D:10     | Reached skill level 16 in Axes
 10374 | D:10     | Received a gift from Trog
 10375 | D:10     | Noticed Erolcha
 10392 | D:10     | Killed Erolcha
 10797 | D:10     | Found a hazy altar of Hepliaklqana.
 11056 | Lair:1   | Entered Level 1 of the Lair of Beasts
 11160 | Lair:1   | Noticed a six-headed hydra
 11164 | Lair:1   | Killed a six-headed hydra
 11635 | Lair:1   | Reached skill level 17 in Axes
 11813 | Lair:1   | Noticed a five-headed hydra
 11823 | Lair:1   | Killed a five-headed hydra
 11823 | Lair:1   | Reached skill level 1 in Shields
 12346 | Lair:2   | Noticed an eight-headed hydra
 12350 | Lair:2   | Killed an eight-headed hydra
 12487 | Lair:2   | Noticed Gastronok
 12504 | Lair:2   | Killed Gastronok
 12504 | Lair:2   | Reached XP level 12. HP: 115/115 MP: 11/11
 12719 | Lair:2   | Found a staircase to the Snake Pit.
 13354 | Lair:3   | Reached skill level 5 in Armour
 13613 | Lair:3   | Noticed an ice dragon
 13625 | Lair:3   | Killed an ice dragon
 13645 | Lair:3   | Reached skill level 5 in Dodging
 13700 | Lair:3   | Reached skill level 18 in Axes
 13753 | Lair:3   | Noticed a death yak
 13754 | Lair:3   | Noticed a death yak
 13754 | Lair:3   | Noticed a death yak
 13755 | Lair:3   | Noticed a death yak
 13769 | Lair:3   | Killed a death yak
 13771 | Lair:3   | Killed a death yak
 13773 | Lair:3   | Killed a death yak
 13776 | Lair:3   | Killed a death yak
 13776 | Lair:3   | Received a gift from Trog
 14266 | Lair:4   | Noticed a four-headed hydra
 14278 | Lair:4   | Killed a four-headed hydra
 14450 | Lair:4   | Reached XP level 13. HP: 107/124 MP: 12/12
 14680 | Lair:4   | Got a brightly glowing chain mail
 15043 | Lair:4   | Found a staircase to the Shoals.
 15287 | Lair:4   | Identified the +7 chain mail of Vah Gini {Regen+ rCorr Str-5 Dex+6} (You found it on level 4 of the Lair of Beasts)
 15605 | Lair:5   | Received a gift from Trog
 15918 | Lair:6   | Entered Level 6 of the Lair of Beasts
 16319 | Lair:6   | Reached skill level 15 in Fighting
 16408 | Lair:6   | Noticed a fire dragon
 16433 | Lair:6   | Killed a fire dragon
 16589 | Lair:6   | Received a gift from Trog
 16711 | Lair:6   | Found a viscous altar of Jiyva.
 16713 | Lair:6   | Found a staircase to the Slime Pits.
 16775 | Lair:6   | Reached skill level 10 in Armour
 17012 | Lair:6   | Got a pitted scimitar
 17015 | Lair:6   | Identified the +6 scimitar of Sharkskin {drain, rElec SInv} (You found it on level 6 of the Lair of Beasts)
 17113 | Lair:6   | Found a runed door.
 17342 | Lair:6   | Noticed a fire dragon
 17350 | Lair:6   | Killed a fire dragon
 17438 | Lair:6   | Paralysed by a hornet for 2 turns
 17444 | Lair:6   | Paralysed by a hornet for 2 turns
 17476 | Lair:6   | Reached XP level 14. HP: 77/136 MP: 4/13
 17565 | Lair:6   | Paralysed by a hornet for 3 turns
 18634 | D:11     | Found a staircase to the Orcish Mines.
 19091 | D:11     | Reached skill level 10 in Dodging
 19315 | D:12     | Received a gift from Trog
 19831 | D:12     | Noticed Kirke
 19844 | D:12     | Killed Kirke
 20115 | D:12     | Noticed Esekla's ghost (journeyman VSVM)
 20135 | D:12     | Killed Esekla's ghost
 20489 | D:13     | Reached skill level 19 in Axes
 20510 | D:13     | Found Ceczisic's General Store.
 20541 | D:13     | Received a gift from Trog
 20653 | D:13     | Found a labyrinth entrance.
 20767 | D:13     | Noticed Josephine
 20781 | D:13     | Killed Josephine
 21354 | D:13     | Identified a scroll of acquirement
 21483 | D:14     | Found Nougapha's Assorted Antiques.
 21487 | D:14     | Bought 2 potions of might for 136 gold pieces
 21507 | D:14     | Found a frozen archway.
 22564 | D:14     | Reached XP level 15. HP: 145/145 MP: 4/14
 22650 | D:14     | Found a gate to the Vaults.
 22889 | D:15     | Entered Level 15 of the Dungeon
 23435 | D:15     | Received a gift from Trog
 23435 | D:15     | Reached skill level 20 in Axes
 23539 | D:15     | Reached ****** piety under Trog
 23881 | D:15     | Found Wisynukk's Distillery.
 23923 | D:15     | Found a staircase to the Depths.
 24434 | Orc:1    | Entered Level 1 of the Orcish Mines
 24434 | Orc:1    | Found Riurec's Food Boutique.
 24684 | Orc:2    | Entered Level 2 of the Orcish Mines
 24686 | Orc:2    | Found Gadeffaa's Antique Weapon Boutique.
 24713 | Orc:2    | Noticed an orc warlord
 24727 | Orc:2    | Killed an orc warlord
 24743 | Orc:2    | Found Naddaxt's Antique Armour Shoppe.
 24774 | Orc:2    | Received a gift from Trog
 24899 | Orc:2    | Bought a runed cloak for 165 gold pieces
 24989 | Orc:2    | Found Zurizam's Book Shoppe.
 25274 | Orc:2    | Found Oqur's General Store.
 25283 | Orc:2    | Noticed Donald
 25313 | Orc:1    | HP: 5/147 [orc warrior/battleaxe of chopping (26)]
 25313 | Orc:1    | Slain by an orc warrior

Skill      XL: |  1  2  3  4  5  6  7  8  9 10 11 12 13 14 15 |
---------------+----------------------------------------------+-----
Fighting       | 4 5 6 7 8 10 12 13 14 15 16 17 | 17.3
Axes           | 4 5 7 8 9 11 14 15 17 18 19 20 | 20.0
Armour         | 4 7 10 12 13 | 13.2
Shields        | 3 4 |  4.0
Dodging        | 4 6 9 11 12 | 12.2

Action                   |  1- 3 |  4- 6 |  7- 9 | 10-12 | 13-15 || total
-------------------------+-------+-------+-------+-------+-------++-------
Melee: Hand axe          |    58 |   142 |   390 |   541 |   256 ||  1387
       Headbutt          |     8 |    25 |    76 |   196 |   304 ||   609
       Dagger            |       |       |       |    16 |       ||    16
       Battleaxe         |       |       |       |       |   860 ||   860
Invok: Trog's Hand       |     1 |       |       |     1 |     5 ||     7
       Berserk           |       |     2 |     5 |     8 |    14 ||    29
       Brothers in Arms  |       |       |       |     4 |     4 ||     8
       Burn Spellbooks   |       |       |       |       |     1 ||     1
Evoke: Wand              |       |       |     5 |    14 |       ||    19
  Use: Scroll            |       |       |    15 |    10 |    14 ||    39
       Potion            |       |       |       |       |     5 ||     5
 Stab: Confused          |       |       |       |       |     1 ||     1
       Distracted        |       |       |       |       |     1 ||     1
  Eat: Chunk             |     2 |     8 |    11 |     9 |    32 ||    62
       Ration            |       |       |     4 |     9 |     6 ||    19
Armor: Animal skin       |     2 |       |       |       |       ||     2
       Robe              |     2 |       |       |       |       ||     2
       Plate armour      |    33 |   125 |   194 |   216 |    17 ||   585
       Chain mail        |       |       |       |       |   559 ||   559
Dodge: Dodged            |    24 |    42 |   120 |   166 |   621 ||   973
Block: Buckler           |       |       |     6 |   112 |    60 ||   178
       Other             |       |       |       |       |    17 ||    17
